 Dungeon Crawl Stone Soup version 0.31.0-12-g77e489cdc1 (webtiles) character file.

Game seed: 12526061374389969228

93 Gadfly the Sneak (level 4, -2/21 HPs)
             Began as a Spriggan Enchanter on Feb 16, 2024.
             Slain by a gnoll
             ... wielding a +0 club
              (5 damage)
             ... on level 4 of the Dungeon.
             The game lasted 00:04:41 (2866 turns).

Gadfly the Sneak (Spriggan Enchanter)               Turns: 2866, Time: 00:04:41

Health: -2/21      AC:  2    Str:  4    XL:     4   Next: 37%
Magic:  5/10       EV: 18    Int: 16    God:
Gold:   131        SH:  0    Dex: 17    Spells: 4/9 levels left

rFire   . . .        b - +0 dagger (freeze)
rCold   . . .        (no shield)
rNeg    . . .        h - +0 robe
rPois   .            (helmet restricted)
rElec   .            (no cloak)
rCorr   .            (gloves unavailable)
SInv    +            (boots unavailable)
Will    .....        (no amulet)
Stlth   +++          (no ring)
HPRegen 0.23/turn    (no ring)
MPRegen 0.12/turn

%: no passive effects
@: very quick
A: very small, no large weapons, unfitting armour, see invisible, speed 3
a: no special abilities


You were on level 4 of the Dungeon.
You visited 1 branch of the dungeon, and saw 4 of its levels.

You collected 131 gold pieces.

Inventory:

Hand Weapons
 a - a +1 dagger
 b - a +0 dagger of freezing (weapon)
 e - a +2 flail of holy wrath
Missiles
 i - 2 throwing nets
Armour
 h - a +0 robe (worn)
Wands
 f - a wand of paralysis (8)
Scrolls
 g - a scroll of silence
 r - a scroll of vulnerability
Potions
 c - 5 potions of invisibility
 d - a potion of curing
 j - 3 potions of heal wounds
 l - a potion of enlightenment
 o - a potion of mutation {unknown}


   Skills:
 + Level 0.9 Fighting
 + Level 2.2 Short Blades
 + Level 3.3 Dodging
 + Level 5.0 Stealth
 + Level 3.3 Spellcasting
 + Level 4.1 Hexes
 + Level 1.5 Evocations


You had 4 spell levels left.
You knew the following spells:

 Your Spells              Type           Power      Damage    Failure   Level
a - Ensorcelled Hibernat  Hex/Ice        18%        N/A       12%         2
b - Confusing Touch       Hex            15%        N/A       10%         3

Your spell library contained the following spells:

 Spells                   Type           Power      Damage    Failure   Level
 Tukima's Dance           Hex            15%        N/A       10%         3
 Dazzling Flash           Conj/Hex       18%        N/A       24%         3
 Lesser Beckoning         Tloc           4%         N/A       26%         2
 Gell's Gravitas          Tloc           2%         N/A       47%         3
 Teleport Other           Tloc           2%         N/A       47%         3
 Sculpt Simulacrum        Ice/Alch       1%         N/A       100%        6
 Ozocubu's Refrigeration  Ice            1%         4d7       100%        7
 Polar Vortex             Ice            1%         N/A       100%        9


Dungeon Overview and Level Annotations

Branches:
Dungeon (4/15)
 Temple: D:4-7

Altars:
Cheibriados
Dithmenos


Innate Abilities, Weirdness & Mutations

You are very small and have problems with some larger weapons.
You are too small for most types of armour.
You have supernaturally acute eyesight. (SInv)
You cover ground extremely quickly. (Speed+++)


Message History

You kill the kobold!
Things that are here:
a +0 whip; 4 poisoned darts; a kobold corpse No target in view!
c - 5 potions of invisibility (gained 1)
A gnoll comes into view. It is wielding a +0 heavy spear.
A gnoll is nearby!
A gnoll is nearby!
A gnoll is nearby!
A gnoll comes into view. It is wielding a +0 club.
A gnoll comes into view.
It is wielding a +0 club and quivering 2 throwing nets.
The gnoll shouts! x2
The gnoll resists with significant effort.
The gnoll shouts!
The gnoll barely misses you. The gnoll completely misses you.
You hit the gnoll but do no damage. The gnoll barely misses you.
The gnoll completely misses you.
You miscast Ensorcelled Hibernation.
You are very lightly contaminated with residual magic.
Nothing appears to happen.
The gnoll completely misses you. The gnoll hits you with a +0 club.
The gnoll misses you.
The gnoll resists with significant effort.
The gnoll completely misses you. The gnoll barely misses you.
The gnoll hits you from afar with a +0 heavy spear!
* * * LOW HITPOINT WARNING * * *
You are too injured to fight recklessly!
You are too injured to fight recklessly!
The gnoll throws a throwing net.
The throwing net barely misses you.
The gnoll throws a throwing net.
The throwing net hits you.
You become entangled in the net!
You see here a throwing net.
You tear a large gash into the net.
Your magical contamination has completely faded away.
You struggle against the net.
You shred the net and break free! The gnoll barely misses you.
The gnoll hits you with a +0 club.
* * * LOW HITPOINT WARNING * * *
There is a stone staircase leading up here.
The gnoll hits you with a +0 club.
You die...

........##...........#
.......#.............###
........................
#.......................
#........(..............
........................
#.............gg........
##.............g........
###....#........@.......
#.....##................
....##..................
..#####.................
### #.##....#..####### #
#..####....####### ##.#
###.......## #.#
#.......## #.# #.≈≈≈≈..#


You could see 3 gnolls.

Vanquished Creatures
  4 adders
  A dart slug (D:1)
  7 endoplasms
  A giant cockroach (D:2)
  4 goblins
  7 hobgoblins
  A quokka (D:2)
  10 ball pythons
  6 bats
  2 frilled lizards
  10 kobolds
  3 rats
56 creatures vanquished.

Notes
Turn   | Place    | Note
-------+----------+-------------------------------------------
     0 | D:1      | Gadfly the Spriggan Enchanter began the quest for the Orb.
     0 | D:1      | Reached XP level 1. HP: 9/9 MP: 5/5
   344 | D:1      | Reached XP level 2. HP: 10/13 MP: 6/6
   347 | D:1      | Learned a level 2 spell: Ensorcelled Hibernation
  1191 | D:2      | Reached skill level 1 in Evocations
  1205 | D:2      | Reached XP level 3. HP: 9/17 MP: 2/8
  1663 | D:2      | Learned a level 3 spell: Confusing Touch
  1892 | D:3      | Reached XP level 4. HP: 17/21 MP: 7/9
  1920 | D:3      | Found a shadowy altar of Dithmenos.
  2170 | D:3      | Reached skill level 5 in Stealth
  2655 | D:4      | Found a snail-covered altar of Cheibriados.
  2866 | D:4      | Slain by a gnoll

Illustrated notes

Levels and vault maps discovered:
D:1:      dpeg_arrival_tiny_b, layout_basic, corexii_hall_statues_i,
          kennysheep_doodads, grunt_decor_junction
D:2:      layout_basic
D:3:      layout_loops_ring, grunt_dithmenos_smoke
D:4:      layout_cave_pods, mainiacjoe_overflow_chevrons,
          kennysheep_generic_room_12, uniq_duvessa, uniq_robin

Skill      XL: |  1  2  3  4 |
---------------+-------------+-----
Evocations     | 1 |  1.5
Dodging        | 3 |  3.3
Spellcasting   | 3 |  3.3
Hexes          | 4 |  4.1
Short Blades   | 2 |  2.2
Stealth        | 5 |  5.0
Fighting       | |  0.9

Action                     |  1- 3 |  4- 6 || total
---------------------------+-------+-------++-------
  Melee: Dagger            |   109 |    17 ||   126
         Punch             |     2 |       ||     2
   Cast: Ensorcelled Hiber |    15 |     8 ||    23
    Use: Scroll            |     7 |     6 ||    13
   Stab: Sleeping          |    23 |     7 ||    30
 Armour: Robe              |    26 |     6 ||    32
  Dodge: Dodged            |    92 |    21 ||   113
